 Dungeon Crawl Stone Soup version 0.29-a0-334-gb41bcbb86e (webtiles) character file.

Game seed: 14131924594397443360

58 chopper the Covered (level 3, -3/33 HPs)
             Began as a Minotaur Fighter on Apr 16, 2022.
             Slain by Sigmund
             ... wielding a +0 scythe
              (8 damage)
             ... on level 2 of the Dungeon.
             The game lasted 00:07:21 (1455 turns).

chopper the Covered (Minotaur Fighter)              Turns: 1455, Time: 00:07:22

Health: -3/33      AC:  7    Str: 22    XL:     3   Next: 76%
Magic:  2/2        EV:  9    Int:  5    God:
Gold:   73         SH:  4    Dex:  9    Spells: 2/2 levels left

rFire   . . .      SeeInvis .   a - +0 war axe
rCold   . . .      Faith    .   c - +0 buckler
rNeg    . . .      Spirit   .   b - +0 scale mail
rPois   .          Reflect  .   (helmet restricted)
rElec   .          Harm     .   (no cloak)
rCorr   .          Rampage  .   (no gloves)
Will    .....                   (no boots)
Stlth   ..........              (no amulet)
HPRegen 0.11/turn               (no ring)
MPRegen 0.08/turn               (no ring)

@: no status effects
A: horns 2, retaliatory headbutt
a: no special abilities


You were on level 2 of the Dungeon.
You visited 1 branch of the dungeon, and saw 2 of its levels.

You collected 73 gold pieces.

Inventory:

Hand Weapons
 a - a +0 war axe (weapon)
Armour
 b - a +0 scale mail (worn)
 c - a +0 buckler (worn)
Scrolls
 e - a scroll of identify
 f - 3 scrolls of teleportation
 h - a scroll of holy word {unknown}
 i - a scroll of acquirement {unknown}
 l - a scroll of immolation {unknown}
Potions
 d - a potion of might
 g - 2 potions of curing {unknown}
 j - a potion of ambrosia {unknown}
 k - a potion of mutation {unknown}


   Skills:
 + Level 4.1 Fighting
 + Level 2.9 Axes
 + Level 4.8 Armour
 + Level 0.1 Dodging
 + Level 4.0 Shields


You had 2 spell levels left.
You didn't know any spells.
Your spell library was empty.

Dungeon Overview and Level Annotations

Branches:
Dungeon (2/15)

Altars:

Annotations:
D:2 Sigmund


Innate Abilities, Weirdness & Mutations

You have a pair of horns on your head.
You reflexively headbutt those who attack you in melee.


Message History

You see here a quokka corpse.
Unknown command.
Found 7 gold pieces.
Found a stone staircase leading up.
A quokka comes into view.
You see here 7 gold pieces.
You block the quokka's attack.
There is a stone staircase leading up here.
You slash the quokka!
You kill the quokka!
Sigmund the Dreaded comes into view.
He is wielding a +0 scythe.
Sigmund shouts!
Sigmund gestures at you while chanting. The magic dart hits you!
An adder comes into view.
The adder hisses angrily.
Sigmund casts a spell at you. The magic dart hits you!
Found a stone staircase leading up.
You closely miss the adder. Your headbutt misses the adder.
The adder bites you but does no damage.
Sigmund casts a spell.
Sigmund flickers and vanishes!
Deactivating autopickup; reactivate with Ctrl-A.
The adder barely misses you. You furiously retaliate!
You headbutt the adder! You barely miss the adder.
Your headbutt misses the adder.
The adder is severely wounded.
The adder bites you. Something hits you.
The adder bites you but does no damage.
You slash the adder!
You kill the adder!
Something hits you.
* * * LOW HITPOINT WARNING * * *
Something hits you.
* * * LOW HITPOINT WARNING * * *
As you read the scroll labelled UJYHEN YDY TOPT, it crumbles to dust.
It is a scroll of identify.
f - 3 scrolls of teleportation Something hits you!
You die...

#.♣♣♣♣♣♣♣#.#
##. ##
#.######...# ..
<#.#.......>.##
#.
#.#.########..#
###.##... #..#
.......# ##..#
#.....# #...#
#.{..# #.#.#
#.@..# #...#
#.####....#
###.#
#.........# #.#
#
#########...##
#.## . ..#
#...# #.†# ##
##.## #.<.#
##.#. . ...#
#.$.# ##.###
### #..# #...#
##.## # .. #..#
#...# #.##


There were no monsters in sight!

Vanquished Creatures
  2 adders (D:2)
  A worm (D:2)
  A dart slug (D:1)
  3 bats
  A giant cockroach (D:1)
  4 goblins
  2 hobgoblins (D:1)
  5 quokkas
  3 ball pythons
  4 frilled lizards
  5 kobolds
  4 rats
35 creatures vanquished.

Vanquished Creatures (others)
  2 demonic plants (D:2)
2 creatures vanquished.

Grand Total: 37 creatures vanquished

Notes
Turn   | Place    | Note
-------+----------+-------------------------------------------
     0 | D:1      | chopper the Minotaur Fighter began the quest for the Orb.
     0 | D:1      | Reached XP level 1. HP: 19/19 MP: 0/0
   300 | D:1      | Reached XP level 2. HP: 27/27 MP: 1/1
  1011 | D:2      | Reached XP level 3. HP: 33/33 MP: 2/2
  1062 | D:2      | Found a faded altar of an unknown god.
  1447 | D:2      | Noticed Sigmund
  1455 | D:2      | Slain by Sigmund

Illustrated notes

Levels and vault maps discovered:
D:1:      dpeg_arrival_pond, layout_loops_ring
D:2:      layout_loops_ring, dreamdust_ecumenical_altar_sealed_demon,
          serial_forest, infiniplex_forest_lined_room_,
          infiniplex_forest_corner_1, infiniplex_forest_lined_corner,
          infiniplex_forest_clump_long, infiniplex_forest_clump_tiny,
          infiniplex_forest_zigzag_2, infiniplex_forest_diagonal, uniq_sigmund

Skill      XL: |  1  2 |
---------------+-------+-----
Armour         | 4 |  4.8
Fighting       | 4 |  4.1
Shields        | 4 |  4.0
Axes           | |  2.9
Dodging        | |  0.1

Action                   || total
-------------------------++-------
Melee: War axe           ||    67
       Headbutt          ||     6
  Use: Scroll            ||     1
Armor: Scale mail        ||    37
Dodge: Dodged            ||    41
Block: Buckler           ||    17

Table legend: (Time is in decaauts)
 A = Elapsed time spent in this place.
 B = Non-inter-level travel time spent in this place.
 C = Inter-level travel time spent in this place.
 D = Time resting spent in this place.
 E = Time spent auto-exploring this place.
 F = Levels seen in this place.
 G = Mean time per level.
                   A        B        C        D        E       F      G
               +--------+--------+--------+--------+--------+-----+--------+
         Total |   1482 |   1482 |      0 |    120 |      0 |   2 |  741.0 |
       Dungeon |   1482 |   1482 |      0 |    120 |      0 |   2 |  741.0 |
               +--------+--------+--------+--------+--------+-----+--------+

Top non-repeatable levels by time:
     D:1: 957 daAuts
     D:2: 524 daAuts
